 Dungeon Crawl Stone Soup version 0.28-a0-1002-gf00fe891ef (webtiles) character file.

Game seed: 15119017702116285970

177 mcbry74 the Ruffian (level 5, -1/48 HPs)
             Began as a Troll Gladiator on Dec 6, 2021.
             Succumbed to a water moccasin's poison
             ... on level 2 of the Dungeon.
             The game lasted 00:04:10 (1193 turns).

mcbry74 the Ruffian (Troll Gladiator)               Turns: 1193, Time: 00:04:10

Health: -1/48      AC:  4    Str: 22    XL:     5   Next: 30%
Magic:  4/4        EV: 10    Int:  4    God:
Gold:   81         SH:  0    Dex: 13    Spells: 4/4 levels left

rFire   . . .      SeeInvis .     - Unarmed
rCold   . . .      Faith    .   (no shield)
rNeg    . . .      Spirit   .   j - +0 robe
rPois   .          Reflect  .   b - +0 hat
rElec   .          Harm     .   (no cloak)
rCorr   .          Rampage  .   (gloves unavailable)
Will    .....                   (boots unavailable)
Stlth   +.........              (no amulet)
HPRegen 0.96/turn               (no ring)
MPRegen 0.09/turn               (no ring)

@: lethally poisoned (-1 -> -18)
A: large, unfitting armour, claws 3, regeneration 1, shaggy fur 1, tough skin 1
a: no special abilities


You were on level 2 of the Dungeon.
You visited 1 branch of the dungeon, and saw 3 of its levels.

You collected 81 gold pieces.

Inventory:

Hand Weapons
 a - a +0 hunting sling
Missiles
 c - 3 throwing nets (quivered)
 d - 41 stones
 e - a large rock
 h - 13 sling bullets
 i - 13 poisoned darts
Armour
 b - a +0 hat (worn)
 j - a +0 robe (worn)
Jewellery
 f - a +4 ring of evasion
Scrolls
 g - a scroll of fog {unknown}
 k - a scroll of enchant weapon {unknown}
 l - a scroll of identify {unknown}


   Skills:
 - Level 1.5 Fighting
 - Level 1.7 Throwing
 - Level 2.4 Dodging
 + Level 6.1 Unarmed Combat


You had 4 spell levels left.
You didn't know any spells.
Your spell library was empty.

Dungeon Overview and Level Annotations

Branches:
Dungeon (3/15)

Altars:
Beogh


Innate Abilities, Weirdness & Mutations

You are too large for most types of armour.
You have claws for hands.
Your natural rate of healing is unusually fast.
You are covered in fur. (AC +1)
You have tough skin. (AC +1)


Message History

The water moccasin hisses angrily.
The orc shouts!
You hear a shout! x2
An orc comes into view. It is wielding a +0 hand axe.
You hear a shout!
The water moccasin barely misses you.
There is a stone staircase leading up here.
The water moccasin barely misses you.
You climb upwards.
There is a stone staircase leading down here.
You are now empty-clawed.
The water moccasin bites you.
You closely miss the water moccasin. The water moccasin bites you.
You closely miss the water moccasin. The water moccasin bites you!
You scratch the water moccasin.
The water moccasin is lightly wounded.
The water moccasin bites you but does no damage.
You closely miss the water moccasin.
The water moccasin is lightly wounded.
The water moccasin barely misses you. The water moccasin bites you.
You mangle the water moccasin!!
The water moccasin is almost dead.
The water moccasin bites you.
You closely miss the water moccasin. You claw the water moccasin.
The water moccasin is almost dead.
The water moccasin bites you!
You are poisoned.
The water moccasin poisons you!
You miss the water moccasin.
The water moccasin is almost dead.
You feel very sick. The water moccasin bites you. The water moccasin bites you!
* * * LOW HITPOINT WARNING * * *
You are lethally poisoned!
The water moccasin poisons you!
You aren't carrying any potions.
You claw the water moccasin!
You kill the water moccasin!
* * * LOW HITPOINT WARNING * * *
You feel very sick.
Your Unarmed Combat skill increases to level 6!
You have reached level 5!
You die...

#...# #.###.(#
#.# #####
#..##..# #.#
##.##..# #.#
#..#..# #.#
#..#..# #.#
##.#†.# #.#
#....# #.#
##...# #.#
#.@###########.#
#..............#
################


There were no monsters in sight!

Vanquished Creatures
  A water moccasin (D:2)
  3 adders (D:2)
  A dart slug (D:2)
  4 ball pythons
  4 bats
  6 endoplasms
  2 giant cockroaches (D:1)
  A goblin (D:1)
  7 hobgoblins
  6 jackals
  A quokka (D:1)
  2 frilled lizards (D:2)
  2 kobolds
  A rat (D:1)
41 creatures vanquished.

Notes
Turn   | Place    | Note
-------+----------+-------------------------------------------
     0 | D:1      | mcbry74 the Troll Gladiator began the quest for the Orb.
     0 | D:1      | Reached XP level 1. HP: 19/19 MP: 0/0
    86 | D:1      | Found a faded altar of an unknown god.
   206 | D:1      | Reached XP level 2. HP: 22/27 MP: 1/1
   300 | D:1      | Reached skill level 4 in Unarmed Combat
   453 | D:1      | Reached XP level 3. HP: 27/33 MP: 2/2
   941 | D:2      | Reached XP level 4. HP: 41/41 MP: 3/3
   988 | D:2      | Reached skill level 5 in Unarmed Combat
  1174 | D:3      | Noticed a water moccasin
  1192 | D:2      | Killed a water moccasin
  1193 | D:2      | Reached skill level 6 in Unarmed Combat
  1193 | D:2      | Reached XP level 5. HP: 4/48 MP: 4/4
  1193 | D:2      | Succumbed to a water moccasin's poison

Illustrated notes

Levels and vault maps discovered:
D:1:      dpeg_arrival_rooms_b, layout_basic,
          hellmonk_ecumenical_altar_defaced_shrine, grunt_decor_one_mirror
D:2:      layout_basic
D:3:      layout_basic, uniq_robin

Skill      XL: |  1  2  3  4 |
---------------+-------------+-----
Unarmed Combat | 4 6 |  6.1
Fighting       | |  1.5
Throwing       | |  1.7
Dodging        | |  2.4

Action                   |  1- 3 |  4- 6 || total
-------------------------+-------+-------++-------
Melee: Unarmed           |    64 |    19 ||    83
       Punch             |     1 |     2 ||     3
 Fire: Hunting sling     |     5 |     3 ||     8
Armor: Robe              |    21 |     6 ||    27
Dodge: Dodged            |    25 |     9 ||    34

Table legend: (Time is in decaauts)
 A = Elapsed time spent in this place.
 B = Non-inter-level travel time spent in this place.
 C = Inter-level travel time spent in this place.
 D = Time resting spent in this place.
 E = Time spent auto-exploring this place.
 F = Levels seen in this place.
 G = Mean time per level.
                   A        B        C        D        E       F      G
               +--------+--------+--------+--------+--------+-----+--------+
         Total |   1184 |   1132 |     52 |      0 |    886 |   3 |  394.7 |
       Dungeon |   1184 |   1132 |     52 |      0 |    886 |   3 |  394.7 |
               +--------+--------+--------+--------+--------+-----+--------+

Top non-repeatable levels by time:
     D:1: 709 daAuts
     D:2: 458 daAuts
     D:3: 17 daAuts
